[Event "*** SCC Grand Prix: Titled Tuesday Blitz"]
[Site "Chess.com"]
[Date "2020.08.11"]
[Round "6"]
[White "NoboaKevin1999"]
[Black "korbul"]
[Result "1/2-1/2"]
[WhiteElo "2422"]
[BlackElo "2570"]
[TimeControl "180+1"]
[EndTime "11:08:18 PDT"]
[Termination "Game drawn - insufficient material"]

1. d4 Nf6 2. c4 e6 3. Nc3 Bb4 4. e3 b6 5. Bd3 Bb7 6. Nf3 Ne4 7. O-O Bxc3 8. bxc3 f5 9. Ne1 O-O 10. f3 Nf6 11. Qe2 d6 12. Bd2 c5 13. e4 fxe4 14. fxe4 e5 15. d5 Nbd7 16. Nc2 Qe8 17. Ne3 g6 18. g4 Qe7 19. Rf2 Rf7 20. Raf1 Raf8 21. Kg2 Ne8 22. Rxf7 Rxf7 23. Rxf7 Qxf7 24. Nf1 Ndf6 25. Ng3 Bc8 26. h3 Qd7 27. Bg5 Kg7 28. Bc2 h6 29. Be3 Qb7 30. Qd2 g5 31. Ba4 Bd7 32.
Bxd7 Qxd7 33. Nf5+ Kg6 34. Kf3 Ng7 35. h4 Nxg4 36.
Kxg4 Nxf5 37. exf5+ Qxf5+ 38. Kg3 gxh4+ 39. Kxh4 Qe4+ 40. Kh3 Qxc4 41. Bxh6 Qf1+ 42. Kh2 Qf5 43. Be3 c4 44. a4 Qd3 45. Qxd3+ cxd3 46. Kg3 Kf5 47. Kf3 e4+ 48. Kg3 a6 49. c4 Ke5 50. Kf2 b5 51. cxb5 axb5 52.
axb5 Kxd5 53. b6 Kc6 54. Kg3 d2 55. Bxd2 Kxb6 56. Kf4 Kc6 57. Kxe4 d5+ 58. Kd4 Kd7 59. Bf4 Ke8 60. Ke5 d4 61. Ke6 d3 62. Bd2 Kd8 63. Kd5 Kc7 64. Kd4 Kb6 65. Ke4 Kb5 66. Ke3 Ka4 67. Kd4 Kb3 68. Ke3 Kc2 69. Be1 d2 70. Bxd2 1/2-1/2

[Event "*** SCC Grand Prix: Titled Tuesday Blitz"]
[Site "Chess.com"]
[Date "2020.08.11"]
[Round "6"]
[White "sergiochess83"]
[Black "QuintilianoR"]
[Result "1-0"]
[WhiteElo "2820"]
[BlackElo "2644"]
[TimeControl "180+1"]
[EndTime "11:08:20 PDT"]
[Termination "sergiochess83 won by resignation"]

1. e4 e5 2. Nf3 Nc6 3. Bb5 a6 4. Ba4 d6 5. O-O Bd7 6. c4 g6 7. Nc3 Bg7 8. Bxc6 Bxc6 9. d4 Ne7 10.
Be3 O-O 11. Re1 h6 12. Qd2 Kh7 13. Rad1 f5 14. dxe5 dxe5 15. Bc5 Qe8 16. Nd5 Bxd5 17. exd5 e4 18. Nd4 Rf7 19. Ne6 Nc8 20. f3 Nd6 21. Bxd6 cxd6 22. fxe4 f4 23. Nxg7 Kxg7 24. Qd4+ Qe5 25. Qxe5+ dxe5 26. c5 Rc8 27. b4 g5 28. d6 Rd7 29. Rd5 Kf6 30. a4 Ke6 31. Red1 Rf8 32. b5 axb5 33. axb5 Rc8 34. g4 Kf7 35. Ra1 Ke6 36. Ra7 Rf8 37. Kf2 Rh8 38. Ra3 h5 39. Rh3 h4 40. Ra3 Rc8 41.
Ra7 Rh8 42. h3 Rc8 43. Kf3 Rh8 44. Ra3 Rc8 45. Ke2 b6 46. c6 Rxd6 47. Rxd6+ Kxd6 48. Rd3+ Ke6 49. Rd7 Ra8 50. Rb7 Ra2+ 51. Kd1 f3 52. Ke1 Re2+ 53. Kf1 Rxe4 54. Rxb6 Rb4 55. c7+ Kd7 56. Rc6 Kc8 57. b6 e4 58. Re6 Rb1+ 59.
Kf2 Rb2+ 60. Kf1 Rb1+ 61. Kf2 Rb2+ 62. Ke3 Re2+ 63. Kd4 Rc2 64. Re8+ Kb7 65. Rb8+ Ka6 66. c8=Q+ Rxc8 67. Rxc8 f2 68. Rf8 e3 69. Kxe3 1-0

[Event "*** SCC Grand Prix: Titled Tuesday Blitz"]
[Site "Chess.com"]
[Date "2020.08.11"]
[Round "6"]
[White "AldokhinIvan"]
[Black "ClydeHillKid"]
[Result "1-0"]
[WhiteElo "2537"]
[BlackElo "2326"]
[TimeControl "180+1"]
[EndTime "11:08:21 PDT"]
[Termination "AldokhinIvan won by checkmate"]

1. e4 e6 2. d4 d5 3. Nc3 Nf6 4. e5 Nfd7 5. f4 c5 6. Nf3 Nc6 7. Be3 a6 8. Qd2 b5 9. g3 Qb6 10. Bg2 cxd4 11. Nxd4 Bc5 12. Nce2 Bb7 13. O-O f6 14.
exf6 Nxf6 15. Kh1 h5 16. h3 h4 17. g4 e5 18. fxe5 Nxe5 19. b4 Bf8 20. Nf5 Nc4 21. Qd3 Nxe3 22. Nxe3 O-O-O 23. a4 d4 24. Nf5 Bxg2+ 25. Kxg2 Bxb4 26. axb5 a5 27. Nfxd4 Rhe8 28. c3 Bc5 29. Qf5+ Kb7 30. Qf3+ Kc7 31. Nf4 Bxd4 32.
cxd4 Rxd4 33. Rac1+ Kb8 34. Rc6 Qxb5 35. Rfc1 Rd2+ 36.
Kh1 Ne4 37. Nd3 Ng3+ 38. Kg1 Rxd3 39. Qf4+ Ka8 40. Rc8+ Rxc8 41. Rxc8+ Ka7 42. Qc7+ Qb7 43. Qxa5+ Qa6 44. Rc7+ Kb8 45. Qxa6 Rd1+ 46. Kf2 Kxc7 47. Qa5+ Kc6 48. Qa4+ Kd6 49. Qxd1+ Ke5 50. Qf3 g5 51. Kg2 Ke6 52. Qe3+ Kf6 53. Kf3 Kg6 54. Qe6+ Kg7 55. Ke3 Nh1 56. Qa6 Ng3 57. Kd4 Ne2+ 58. Ke5 Nf4 59. Qf6+ Kh7 60. Qxg5 Nd3+ 61. Kf6 Nf4 62.
Qg7# 1-0

[Event "*** SCC Grand Prix: Titled Tuesday Blitz"]
[Site "Chess.com"]
[Date "2020.08.11"]
[Round "6"]
[White "bazar-wokzal"]
[Black "korkmaz16"]
[Result "1/2-1/2"]
[WhiteElo "2465"]
[BlackElo "2352"]
[TimeControl "180+1"]
[EndTime "11:08:21 PDT"]
[Termination "Game drawn by repetition"]

1. e4 d5 2. exd5 Nf6 3. Bb5+ Bd7 4. Bc4 Bg4 5. f3 Bc8 6. Nc3 a6 7. a4 Nbd7 8. a5 b5 9. axb6 cxb6 10. Nge2 Bb7 11. O-O b5 12. Bb3 Nc5 13. Ba2 Nxd5 14.
d4 Nxc3 15. bxc3 Na4 16. Qd3 e6 17. c4 Qd7 18. Nf4 Be7 19. Re1 O-O 20. cxb5 axb5 21. Nxe6 Rfe8 22. Ng5 Bxg5 23. Bxg5 Bd5 24. Bb3 Nb6 25. Rxa8 Rxa8 26. Re7 Qc6 27. h4 Nc4 28. Qf5 h6 29. Bf4 Be6 30. Qc5 Qxc5 31. dxc5 Rc8 32. Bd6 Nxd6 33. cxd6 Rd8 34. Bxe6 fxe6 35. Rxe6 Kf7 36.
Re7+ Kf6 37. Rb7 Rxd6 38. Rxb5 Rd1+ 39. Kh2 Rd2 40. Rc5 Kg6 41. Kh3 h5 42. g4 hxg4+ 43.
fxg4 Re2 44. h5+ Kh6 45. Kh4 g5+ 46. hxg6 Kxg6 47. Rc6+ Kg7 48. c4 Re5 49. c5 Rd5 50.
Rc8 Re5 51. c6 Rc5 52. Kg3 Rc4 53. Kf3 Kh7 54. Rc7+ Kg6 55. Kg3 Kh6 56. Kh4 Kg6 57. Kg3 Kh6 58. Rc8 Kg7 59. Kf3 Kh7 60. Ke3 Rxg4 61. c7 Rc4 62. Kd3 Rc1 63. Kd2 Rc6 64. Kd3 Kg7 65. Kd4 Rc1 66. Kd5 Rc2 67. Kd6 Rd2+ 68.
Kc6 Rc2+ 69. Kd6 Rd2+ 70. Kc6 Rc2+ 71. Kd6 1/2-1/2

[Event "*** SCC Grand Prix: Titled Tuesday Blitz"]
[Site "Chess.com"]
[Date "2020.08.11"]
[Round "6"]
[White "Chessdemon2019"]
[Black "zmarian"]
[Result "1-0"]
[WhiteElo "2351"]
[BlackElo "2191"]
[TimeControl "180+1"]
[EndTime "11:08:23 PDT"]
[Termination "Chessdemon2019 won by resignation"]

1. e4 g6 2. d4 Bg7 3. Nc3 c5 4. d5 d6 5. Nf3 Nf6 6. Bb5+ Bd7 7. Bxd7+ Nfxd7 8. O-O Na6 9. Bf4 O-O 10. Qe2 Nc7 11. e5 dxe5 12. Nxe5 Nxe5 13. Bxe5 Bxe5 14. Qxe5 Qd6 15. Qg5 Kg7 16. Rad1 h6 17. Qe3 b6 18.
Ne4 Qe5 19. c4 f5 20. Nc3 Qxe3 21. fxe3 Ne8 22. e4 fxe4 23. Rxf8 Kxf8 24. Nxe4 Nd6 25. Nd2 Re8 26. Re1 Nf5 27. Nf3 Nd6 28. b3 Kg7 29. Re6 Nf7 30. Kf2 g5 31. g4 Nd8 32.
Re3 Nf7 33. h4 Kf6 34. Re6+ Kg7 35. hxg5 hxg5 36. Ke3 Nd8 37. Re4 Nf7 38. Ne5 Nd6 39. Nc6 Nxe4 40. Kxe4 Kf6 41. a4 a5 42. Ne5 Rh8 43. Nd7+ Kf7 44. Nxb6 Rh3 45. Nd7 Rxb3 46. Nxc5 Rc3 47. Kd4 Rg3 48. Ne4 Rxg4 49. c5 Rg1 50. c6 Rd1+ 51. Ke5 g4 52. Kf4 Rd4 53. d6 exd6 54. c7 d5 55. c8=Q Rxe4+ 56. Kg3 Kf6 57. Qc6+ Ke5 58. Qc3+ Kd6 59. Qxa5 Ke5 60. Qc7+ Kd4 61. a5 Kd3 62. a6 d4 63. a7 Re3+ 64. Kxg4 Re8 65. Qb7 Kd2 66. a8=Q Rxa8 67. Qxa8 d3 68.
Qa5+ Ke2 69. Qe5+ Kf2 70. Qd4+ Ke2 71. Qe4+ Kd2 72. Kf3 Kc3 73. Ke3 d2 74. Qd3+ Kb2 75.
Qxd2+ Ka1 76. Kd3 Kb1 77. Kc3 1-0

[Event "*** SCC Grand Prix: Titled Tuesday Blitz"]
[Site "Chess.com"]
[Date "2020.08.11"]
[Round "6"]
[White "LyonBeast"]
[Black "exoticprincess"]
[Result "1-0"]
[WhiteElo "3024"]
[BlackElo "2832"]
[TimeControl "180+1"]
[EndTime "11:08:26 PDT"]
[Termination "LyonBeast won by resignation"]

1. c4 c6 2. Nf3 d5 3. e3 Nf6 4. b3 Bg4 5. Be2 e6 6. Bb2 Nbd7 7. d3 g6 8. Nbd2 Bg7 9. O-O O-O 10. b4 Re8 11. h3 Bxf3 12. Bxf3 Nh5 13. Qb3 Bxb2 14.
Qxb2 Nhf6 15. Rfd1 a5 16. a3 axb4 17. axb4 Qb6 18. d4 Qc7 19. b5 Kg7 20. Rab1 Rab8 21. Rdc1 Qd6 22. Qb4 Qxb4 23. Rxb4 Rec8 24. Rbb1 Ra8 25.
Kf1 Kf8 26. Ke1 Ke7 27. Be2 Ne8 28. Ra1 Nd6 29. bxc6 bxc6 30. c5 Ne8 31. Nb3 Kd8 32. Kd2 Kc7 33. Kc3 e5 34. Na5 exd4+ 35. exd4 Ng7 36. Rcb1 Rcb8 37. Rxb8 Rxb8 38. Nb3 Ne6 39. Bf1 Nf6 40. f3 g5 41. g3 h5 42. Ra6 Kd7 43.
Na5 Rb1 44. Bd3 Rc1+ 45. Kd2 Ra1 46. Ra7+ Ke8 47. Ra8+ Kd7 48. Bf5 h4 49. gxh4 gxh4 50. Ra7+ Ke8 51. Bxe6 fxe6 52. Nxc6 Rxa7 53. Nxa7 Kd7 54.
Nb5 Nh5 55. Ke3 Ng3 56. Nd6 Ke7 57. f4 Nf1+ 58. Ke2 Ng3+ 59. Kf3 Kd7 60. Kf2 Kc6 61. Nf7 Nf5 62. Ne5+ Kb5 63. Nf3 Kc4 64. Ke2 Ng3+ 65. Ke3 Nf5+ 66. Kd2 Kb5 67. Kd3 Kc6 68. Ne5+ Kb5 69.
Ng6 Kc6 70. Nf8 Ng7 71. Ke2 Kb5 72. Kf3 Kc6 73. Kg4 Kb5 74. Kg5 Kc6 75. Kg6 Nf5 76. Nxe6 Ne3 77. f5 Kd7 78. Kg5 Ke7 79. Nf4 Kd7 80. f6 Nc2 81. c6+ Kd6 82. c7 1-0

[Event "*** SCC Grand Prix: Titled Tuesday Blitz"]
[Site "Chess.com"]
[Date "2020.08.11"]
[Round "6"]
[White "M1711"]
[Black "Gorin_Leonid"]
[Result "1/2-1/2"]
[WhiteElo "2467"]
[BlackElo "2617"]
[TimeControl "180+1"]
[EndTime "11:08:27 PDT"]
[Termination "Game drawn by repetition"]

1. e4 e5 2. Nf3 Nc6 3. Bb5 a6 4. Bxc6 dxc6 5. Nc3 f6 6. d4 exd4 7. Nxd4 c5 8. Nde2 Qxd1+ 9. Nxd1 Be6 10. Bf4 O-O-O 11.
Ne3 Ne7 12. h4 f5 13. Nc3 fxe4 14. Nxe4 Nd5 15. Bg5 Nxe3 16. Bxe3 Bd5 17. Nxc5 Bxg2 18. Rg1 Bd5 19. O-O-O g6 20. h5 gxh5 21. Rg5 Bxc5 22. Rdxd5 Bxe3+ 23. fxe3 Rde8 24. Rg7 Rd8 25. Rxh5 Rd7 26.
Rg3 Rf8 27. b3 b6 28. a4 Rf2 29. Rg4 Rdd2 30. Rc4 Rh2 31. Re5 Rd7 32. Re8+ Kb7 33. Rh8 a5 34. e4 Re7 35. Kb2 h5 36. Rh6 h4 37. e5 Rxe5 38. Rhxh4 Rhe2 39. Rhg4 c6 40.
Rg6 Re6 41. Rg7+ Ka6 42. Rgg4 b5 43. axb5+ cxb5 44. Rc5 Rb6 45. Rg8 Re7 46. Ra8+ Ra7 47. Rac8 Rab7 48. Ra8+ Ra7 49. Rh8 a4 50. bxa4 bxa4+ 51. Ka3 Rab7 52. Rhh5 Rb1 53. Ra5+ Kb6 54. Ka2 Rb4 55.
Ka3 Rf4 56. Rab5+ Ka6 57. Ra5+ Kb6 58. Rhb5+ Kc6 59. Rxb7 Kxb7 60. Rxa4 Rf3+ 61. Kb4 Kc6 62. Ra6+ Kc7 63. c4 Rf5 64. Rh6 Rg5 65. Rf6 Rh5 66. Re6 Rg5 67. Re2 Rh5 68. Rd2 Kc6 69. Rg2 Rf5 70. Rg6+ Kc7 71. Ra6 Rh5 72. c5 Rh1 73. Kc4 Rc1+ 74. Kb5 Rb1+ 75. Kc4 Rc1+ 76. Kb5 Rb1+ 77.
Kc4 Rc1+ 1/2-1/2

[Event "*** SCC Grand Prix: Titled Tuesday Blitz"]
[Site "Chess.com"]
[Date "2020.08.11"]
[Round "6"]
[White "GoltsevDmitry2000"]
[Black "okriak"]
[Result "0-1"]
[WhiteElo "2616"]
[BlackElo "2767"]
[TimeControl "180+1"]
[EndTime "11:08:29 PDT"]
[Termination "okriak won on time"]

1. e4 e5 2. Nf3 Nc6 3. Bb5 a6 4. Ba4 Nf6 5. O-O Be7 6. Re1 b5 7. Bb3 d6 8. c3 O-O 9. h3 Nb8 10. d4 Nbd7 11. Nbd2 Bb7 12. a4 c5 13. d5 c4 14. Bc2 Nc5 15. Qe2 Qc7 16. Nf1 Rfb8 17.
Ng3 g6 18. Nd2 Bc8 19. Kh2 Nfd7 20. Ndf1 Nb6 21. a5 Nbd7 22. f4 exf4 23. Bxf4 Bf6 24. Ne3 Ne5 25. Rf1 Bg7 26. Bg5 Ra7 27. Bf6 Rab7 28. Bxg7 Kxg7 29. Qf2 Qe7 30. Ne2 b4 31. Qg3 bxc3 32. bxc3 Ned3 33. Nd4 Nxe4 34. Qf3 Qe5+ 35. Kg1 Nd2 36. Qe2 Nxf1 37. Rxf1 Re7 38. Nc6 Qxe3+ 39. Qxe3 Rxe3 40. Nxb8 Ne5 41. Nc6 Rxc3 42. Ba4 Ra3 43. Nxe5 dxe5 44. Be8 Kf8 45. Bxf7 Ke7 46. Bg8 h5 47.
Bf7 Bf5 48. Bg8 Rxa5 49. Rc1 Rc5 50. Kf2 c3 51. Ke3 c2 52. g4 hxg4 53. hxg4 Bxg4 54.
Ke4 Kd6 55. Bf7 Bf5+ 56. Ke3 a5 57. Kd2 a4 58. Ra1 c1=Q+ 59. Rxc1 Rxc1 60. Kxc1 a3 61. Bg8 g5 62. Bf7 g4 63. Bh5 e4 64. Kc2 g3 65.
Kb3 g2 0-1

[Event "*** SCC Grand Prix: Titled Tuesday Blitz"]
[Site "Chess.com"]
[Date "2020.08.11"]
[Round "6"]
[White "amatatanav"]
[Black "Meri-Arabidze"]
[Result "1-0"]
[WhiteElo "2468"]
[BlackElo "2593"]
[TimeControl "180+1"]
[EndTime "11:08:31 PDT"]
[Termination "amatatanav won on time"]

1. e4 c5 2. Ne2 e6 3. d4 cxd4 4. Nxd4 Nc6 5. Nc3 a6 6. Be3 Qc7 7. Qf3 Nf6 8. O-O-O Ne5 9. Qg3 h5 10. f4 Neg4 11. e5 Nxe3 12. Qxe3 Ng4 13. Qf3 d5 14. h3 g6 15. Bd3 Nh6 16. g4 h4 17. f5 gxf5 18. gxf5 Qxe5 19. Rhe1 Qg3 20. Nxd5 Qxf3 21. Nxf3 Bd6 22. Nb6 Rb8 23. Nxc8 Rxc8 24. fxe6 Bg3 25. exf7+ Kxf7 26. Re4 Rhf8 27. Nxh4 Bxh4 28.
Rxh4 Rh8 29. Rf1+ Ke7 30. Re4+ Kd6 31. Rf6+ Kd5 32. c4+ Kc5 33. Rh4 Rc6 34. Rxc6+ bxc6 35. Kc2 a5 36. b3 Kb6 37. Kc3 Kc5 38. a3 Kd6 39. b4 axb4+ 40. axb4 c5 41. bxc5+ Kxc5 42. Rh5+ Kc6 43. h4 Kd6 44. c5+ Kc7 45. Kc4 Kc6 46. Be4+ Kc7 47. Bd3 Kc6 48. Bc2 Kc7 49. Bb3 Kc6 50. Ba4+ Kc7 51. Bb5 Rh7 52. Kb4 Rh8 53. Bd3 Rb8+ 54. Kc4 Ng8 55. Rh7+ Kd8 56. Rh8 Ke7 57. Bh7 Rb2 58. Rxg8 Rh2 59. Rg4 Kf6 60.
Bd3 Rh3 61. Rd4 Rh1 62. Kd5 Rc1 63. Kd6 Rd1 64. c6 Rc1 65. c7 1-0

[Event "*** SCC Grand Prix: Titled Tuesday Blitz"]
[Site "Chess.com"]
[Date "2020.08.11"]
[Round "6"]
[White "Nikolaj_6"]
[Black "Artur0208"]
[Result "1/2-1/2"]
[WhiteElo "2619"]
[BlackElo "2753"]
[TimeControl "180+1"]
[EndTime "11:08:33 PDT"]
[Termination "Game drawn by repetition"]

1. e4 e5 2. Nf3 Nc6 3. Bb5 a6 4. Ba4 g6 5. c3 Bg7 6. d4 b5 7.
Bc2 exd4 8. cxd4 Nge7 9. O-O O-O 10. h3 d6 11. Nc3 Na5 12. Bg5 h6 13. Bf4 Bb7 14.
Re1 Rc8 15. Rc1 c5 16. dxc5 dxc5 17. Qe2 Qb6 18. Bb1 Rfe8 19. b3 c4 20. b4 Nac6 21. Be3 Qc7 22. Bc5 Rcd8 23. a4 Bxc3 24. Rxc3 Nd5 25. Rcc1 Ncxb4 26. Bd4 Nf4 27. Qe3 Nbd3 28. Bxd3 Nxd3 29. Qxd3 cxd3 30. Rxc7 Rxe4 31. Rxe4 Bxe4 32.
Bf6 Bxf3 33. Bxd8 d2 34. Rd7 d1=Q+ 35. Rxd1 Bxd1 36. axb5 axb5 37. Be7 f5 38. f4 Kf7 39. Bb4 Ke6 40. Kf2 Kd5 41. Ke1 Bc2 42. Kd2 Kc4 43.
Bf8 Be4 44. g4 h5 45. gxh5 gxh5 46. h4 b4 47. Kc1 Kc3 48. Bg7+ Kd3 49. Bf6 Bd5 50. Kb2 Ke4 51. Bg5 Be6 52. Kb1 Kd4 53. Kb2 Ke3 54. Bh6 Kd3 55. Bg5 Ke4 56. Bh6 Kf3 57. Bg5 Kg4 58. Kc2 Bc4 59. Kb2 Kf3 60. Kc2 Ke2 61. Kb2 Kd3 62. Bf6 Be6 63. Bg5 Kc4 64. Be7 Bd5 65. Bg5 Kd3 66. Be7 Ke4 67. Bg5 Bc4 68. Kc2 Kd5 69. Kb2 Kc5 70. Be7+ Kb5 71. Bg5 Bd5 72. Be7 Be4 73. Bg5 Kc4 74. Bf6 Bd5 75. Bg5 Kd3 76. Be7 Ke4 77. Bg5 1/2-1/2

[Event "*** SCC Grand Prix: Titled Tuesday Blitz"]
[Site "Chess.com"]
[Date "2020.08.11"]
[Round "6"]
[White "bugbug01052018"]
[Black "sertalzin"]
[Result "0-1"]
[WhiteElo "2160"]
[BlackElo "1849"]
[TimeControl "180+1"]
[EndTime "11:08:33 PDT"]
[Termination "sertalzin won by resignation"]

1. d4 d5 2. c4 c6 3. Nf3 Nf6 4. g3 dxc4 5. Bg2 b5 6. O-O Bb7 7. Ne5 e6 8. a4 a6 9. b3 cxb3 10. Qxb3 Qxd4 11. Bb2 Qb6 12. Nc3 Be7 13. axb5 cxb5 14.
Na4 Qa7 15. Bxb7 Qxb7 16. Rac1 O-O 17. Rfd1 Nbd7 18. Nxd7 Nxd7 19. Ba1 Bf6 20. Bxf6 Nxf6 21. Nc5 Qe7 22. Qf3 a5 23. Nb7 a4 24. Nd6 b4 25.
Nb5 Rfc8 26. e4 Rxc1 27. Rxc1 a3 28. e5 Nd5 29. Qb3 a2 30. Ra1 Qc5 31. Nd6 Qc3 32.
Qxc3 bxc3 33. Ne4 c2 34. Nc5 c1=Q+ 35. Rxc1 a1=Q 36. Rxa1 Rxa1+ 37. Kg2 g6 38. Nd7 Kg7 39. h3 Ra2 40. Nc5 h5 41. h4 Ne3+ 42. Kf3 Ng4 43.
Nd7 Rxf2+ 44. Ke4 Rg2 45. Kf4 Rf2+ 46. Ke4 Re2+ 47. Kf4 Nxe5 48. Nxe5 Rxe5 49. Kxe5 Kf8 50. Kf6 Ke8 51. Ke5 Ke7 52. Kf4 f6 53. Ke4 e5 54.
Kd5 Kf7 55. Ke4 Ke6 56. Ke3 f5 57. Kf3 Kd5 58. Ke3 Kc4 59. Kf3 Kd3 60. Kf2 Kd2 61. Kf3 e4+ 62. Kf4 e3 63. Kg5 e2 64. Kxg6 e1=Q 65.
Kxh5 Qxg3 0-1

[Event "*** SCC Grand Prix: Titled Tuesday Blitz"]
[Site "Chess.com"]
[Date "2020.08.11"]
[Round "6"]
[White "Fighterman91"]
[Black "chegueps"]
[Result "0-1"]
[WhiteElo "2610"]
[BlackElo "2476"]
[TimeControl "180+1"]
[EndTime "11:08:35 PDT"]
[Termination "chegueps won by resignation"]

1. e4 c5 2. Nf3 e6 3. d4 cxd4 4. Nxd4 Nf6 5. Nc3 Nc6 6. a3 d5 7.
Bb5 Bd7 8. exd5 exd5 9. O-O Be7 10. Re1 O-O 11. Nb3 Be6 12. Be3 Bf5 13. Nd4 Nxd4 14. Bxd4 Ne4 15. Bd3 Nxc3 16. Bxc3 Bxd3 17. Qxd3 Bf6 18. Rad1 Bxc3 19. Qxc3 Rc8 20. Qd3 Qb6 21. b4 d4 22. Re2 Rc3 23. Qxd4 Qxd4 24. Rxd4 Rxa3 25. h4 Ra2 26. Rd7 b6 27. h5 Rb2 28.
Rd4 Rc8 29. Rc4 Rd8 30. Rd2 Re8 31. Rc7 Rxb4 32. Rdd7 Rf8 33. Rxa7 Rb5 34. h6 gxh6 35. Rd6 Rc5 36. Rxh6 Rxc2 37. Rxb6 Rc5 38. Rb3 Rg5 39. Rf3 Rg6 40. g3 Kg7 41. Kg2 Rf6 42. Re3 Rg6 43. Re4 Rf6 44. Ree7 Rg6 45. Reb7 Rf6 46. Ra4 h6 47.
Rb5 Rg6 48. Rh4 Rf6 49. Rbb4 Rg6 50. Rbf4 Re8 51. Rf5 Ree6 52. Rfh5 Ref6 53. f4 Rb6 54. f5 Rb2+ 55. Kh3 Rf6 56. Rg4+ Kh7 57. Re4 Rb5 58. Kg4 Rb8 59. Kf4 Rb1 60. g4 Rb5 61. Rd4 Kg7 62. Rc4 Rfb6 63. Kg3 Rb3+ 64. Kh4 Rb1 65. Kg3 Rg1+ 66.
Kf4 Rf1+ 67. Ke4 Re1+ 68. Kd5 Rd1+ 69. Kc5 Rbd6 70. Rh3 R1d5+ 71. Kb4 Rd4 72. Rc3 Rxc4+ 73. Rxc4 Kf6 74. Kc5 Rd3 75. Re4 Kg5 76. Re7 Kf6 77. Re4 Rd7 78. Kc4 Kg5 79. Kc3 Ra7 80. Kd3 Ra3+ 81.
Ke2 Rg3 82. Re7 f6 83. Rg7+ Kf4 84. Rg6 Rg2+ 85. Kf1 Rxg4 86. Rxf6 Kg5 87. Rf8 Rf4+ 88. Kg2 Rxf5 89. Rg8+ Kh5 90. Rc8 Rg5+ 91. Kh3 Rd5 92. Rf8 Rd3+ 93. Kg2 Kg4 94. Rf2 h5 95. Rc2 Rd4 96.
Rc3 h4 97. Rc2 Rb4 98. Rb2 Rxb2+ 0-1

[Event "*** SCC Grand Prix: Titled Tuesday Blitz"]
[Site "Chess.com"]
[Date "2020.08.11"]
[Round "6"]
[White "juancruzarias"]
[Black "Ze-Pequeno"]
[Result "0-1"]
[WhiteElo "2357"]
[BlackElo "2175"]
[TimeControl "180+1"]
[EndTime "11:08:35 PDT"]
[Termination "Ze-Pequeno won by resignation"]

1. d3 Nf6 2. e4 e5 3. Nc3 d5 4. exd5 Nxd5 5. Nf3 Nc6 6. g3 Nxc3 7. bxc3 Bd6 8. Bg2 O-O 9. O-O Rb8 10. Rb1 Bf5 11. Ng5 Be7 12. h4 h6 13. Ne4 Qd7 14. Re1 Bg4 15. Bf3 Be6 16. Be3 b6 17. Nd2 Rbd8 18.
Bg2 Bxa2 19. Ra1 Bd5 20. Bxd5 Qxd5 21. Qg4 f5 22. Qh5 f4 23. gxf4 exf4 24. Qxd5+ Rxd5 25. Bd4 Bxh4 26. Nf3 Bd8 27. Re4 g5 28. c4 Rd7 29.
Bc3 a5 30. d4 Bf6 31. Rd1 Kf7 32. Ba1 Re8 33. Rxe8 Kxe8 34. d5 Bxa1 35. Rxa1 Nb4 36.
c3 Nd3 37. Kg2 Re7 38. Nd4 Re1 39. Ra2 Ne5 40. Nf5 f3+ 41. Kh2 Re2 42. Ra1 Rxf2+ 43. Kh3 g4+ 44. Kg3 Rg2+ 45. Kf4 Ng6+ 46. Ke3 Re2+ 47. Kd3 Nf4+ 48. Kd4 f2 49. Rf1 Nh5 50. Kd3 Ra2 51. Ke4 g3 52. Kf3 Rc2 53. Kg2 Rxc3 54.
Nxg3 Rxg3+ 55. Kh2 Rf3 56. Kg2 Rf7 57. Kh3 Nf4+ 58. Kg4 Nd3 59. c5 Ne5+ 60. Kg3 bxc5 61. Rxf2 Rf3+ 62. Rxf3 Nxf3 63. Kxf3 Kd7 64. Kf4 Kd6 65. Ke4 a4 66. Kd3 Kxd5 0-1

[Event "*** SCC Grand Prix: Titled Tuesday Blitz"]
[Site "Chess.com"]
[Date "2020.08.11"]
[Round "6"]
[White "Srisshhhtea"]
[Black "shnitez"]
[Result "0-1"]
[WhiteElo "2338"]
[BlackElo "2465"]
[TimeControl "180+1"]
[EndTime "11:08:38 PDT"]
[Termination "shnitez won by checkmate"]

1. d4 Nf6 2. c4 c5 3. d5 e5 4. Nc3 d6 5. e4 Be7 6. g3 Nbd7 7. Bg2 h5 8. Nf3 Nf8 9. h3 Ng6 10. Be3 h4 11. Qd2 hxg3 12. fxg3 Nh5 13. Bf2 a6 14. O-O-O b5 15. Kb1 Bd7 16. Bf1 Rb8 17. Bd3 Qb6 18. Ne2 Rb7 19. Be3 bxc4 20. Bxc4 O-O 21. Rh2 Rfb8 22. b3 a5 23. g4 Nhf4 24. Nxf4 exf4 25.
Bxf4 Nxf4 26. Qxf4 a4 27. e5 axb3 28. axb3 Bb5 29.
Rb2 Bxc4 30. Qxc4 dxe5 31. Nxe5 Bf6 32. Qf4 Re8 33. Nc4 Qa6 34. Qd6 Ra8 35. Qxa6 Rxa6 36. d6 Bxb2 37. d7 Bf6 38. d8=Q+ Bxd8 39. Rxd8+ Kh7 40.
Kb2 Rba7 41. Rd5 Ra2+ 42. Kc3 Rh2 43. Rh5+ Kg8 44. Rd5 Rxh3+ 45. Kb2 Rh2+ 46. Kc3 Raa2 47. Rxc5 Rhg2 48. g5 Rg3+ 49. Kb4 Rc2 50. Na5 Rxc5 51. Kxc5 Rxg5+ 52. Kb6 f5 53. b4 f4 54. Nc4 f3 55.
Ne3 Re5 56. Nf1 f2 57. b5 Re1 58. Ng3 f1=Q 59. Nxf1 Rxf1 60. Kc7 Rb1 61. b6 g5 62.
b7 g4 63. b8=Q+ Rxb8 64. Kxb8 g3 65. Kc8 g2 66. Kd7 g1=Q 67. Kc6 Qd1 68. Kc5 Kf7 69.
Kb6 Ke6 70. Kc7 Qc2+ 71. Kb6 Kd6 72. Kb7 Qb3+ 73. Ka6 Kc6 74. Ka5 Qb5# 0-1

[Event "*** SCC Grand Prix: Titled Tuesday Blitz"]
[Site "Chess.com"]
[Date "2020.08.11"]
[Round "6"]
[White "RobertoJBM"]
[Black "Firegrizzly"]
[Result "0-1"]
[WhiteElo "2705"]
[BlackElo "2573"]
[TimeControl "180+1"]
[EndTime "11:08:40 PDT"]
[Termination "Firegrizzly won on time"]

1. d4 e6 2. c4 Nf6 3. Nc3 d5 4. cxd5 exd5 5. Bg5 c6 6. e3 Bd6 7. Bd3 h6 8. Bh4 Nbd7 9. Qc2 O-O 10. Nge2 Re8 11.
Bg3 Nf8 12. Bxd6 Qxd6 13. Ng3 g6 14. O-O-O Kg7 15. Kb1 a5 16. Rhe1 a4 17. Nxa4 Qb4 18. Nc3 b5 19. Rc1 N8d7 20. Nce2 Bb7 21. Nf4 Qa5 22. b3 Nf8 23. h4 Ra7 24. Re2 Rea8 25. h5 Qb4 26. Qc3 Qxc3 27. Rxc3 N6d7 28. hxg6 fxg6 29.
f3 h5 30. e4 h4 31. Nf1 dxe4 32. fxe4 Nb8 33. e5 Na6 34. Be4 Nb4 35. Nd3 Nxa2 36.
Rcc2 Nc3+ 37. Rxc3 Ra1+ 38. Kc2 R8a2+ 39. Nb2 Rxf1 40. Bxc6 b4 41. Rc5 Ba6 42. Rd2 Raa1 43. Nd3 Ra2+ 44. Nb2 Raa1 45. Nd3 Ne6 46. Nxb4 Rfc1+ 47.
Kb2 Nxc5 48. dxc5 Rab1+ 49. Ka2 Ra1+ 50. Kb2 Rcb1+ 51. Kc3 Bf1 52. Bf3 Rc1+ 53. Rc2 Rxc2+ 54. Nxc2 Ra7 55. Ne3 g5 56. Nxf1 Ra2 57. Ne3 Rf2 58. Be4 Rf4 59. Kd3 g4 60. c6 h3 61.
gxh3 gxh3 62. c7 Rf8 63. Bf5 h2 64. Be4 Rc8 65. Nf5+ Kf8 66. Ng3 Rxc7 67. Kd4 Rg7 68. Nf5 Rg1 69. Nd6 Rg4 70. b4 Rxe4+ 71. Nxe4 h1=Q 72.
b5 Qd1+ 73. Kc5 Qc1+ 74. Kd5 Qd1+ 75. Kc5 Qh5 76. Kd5 Qf3 77. b6 Qd3+ 78. Kc5 Qxe4 79.
Kd6 Qb7 0-1

[Event "*** SCC Grand Prix: Titled Tuesday Blitz"]
[Site "Chess.com"]
[Date "2020.08.11"]
[Round "6"]
[White "realmadridtv"]
[Black "olksuna"]
[Result "0-1"]
[WhiteElo "2464"]
[BlackElo "2638"]
[TimeControl "180+1"]
[EndTime "11:08:40 PDT"]
[Termination "olksuna won by resignation"]

1. e4 c5 2. Nf3 Nc6 3. Nc3 g6 4.
d4 cxd4 5. Nxd4 Bg7 6. Be3 Nf6 7. f3 O-O 8. Bc4 Qb6 9. Bb3 Nxe4 10. Nd5 Qa5+ 11. c3 Nc5 12. Bc2 Ne6 13. Nb3 Qd8 14.
Qd2 d6 15. Bh6 Nc7 16. Nxc7 Qxc7 17. h4 Qd7 18. O-O-O Qe6 19. Bxg7 Kxg7 20. h5 Rh8 21. hxg6 hxg6 22. Rxh8 Kxh8 23. Qh6+ Kg8 24. Rh1 Qf6 25. Rh4 Rb8 26. Kb1 Bf5 27. Bxf5 Qxf5+ 28. Kc1 Qf6 29. Qh7+ Kf8 30. Kb1 Qg7 31. Qh8+ Qxh8 32. Rxh8+ Kg7 33.
Rh3 Rh8 34. Rg3 Rh2 35. Kc2 f5 36. Nd2 Kf6 37. f4 e5 38. Nf3 Rh1 39. fxe5+ dxe5 40. Ng5 e4 41. Nh3 Ne5 42. Nf4 Ng4 43. Nd5+ Ke5 44. Ne7 g5 45. c4 Rf1 46. Rb3 Rf2+ 47. Kc3 b6 48. Rb5+ Ke6 49. Nd5 Rxg2 50. a4 Rg3+ 51.
Kb4 Ne3 52. a5 Nxd5+ 53. cxd5+ Ke5 54. axb6 axb6 55. d6+ Ke6 56. Rxf5 Kxf5 57. Kb5 Rd3 58. Kc6 e3 59. b4 e2 60. d7 e1=Q 61. d8=Q Rxd8 62.
Kc7 Qe7+ 63. Kc6 Qxb4 64. Kc7 Qc5+ 65. Kb7 b5 66. Ka6 Ra8+ 67. Kb7 Ra7+ 0-1